 Dungeon Crawl Stone Soup version 0.24-a0-177-g4d90231847 (webtiles) character file.

Game seed: 4200443511080635658

98989 MrRokkomies the Carver (level 15, -2/115 HPs)
             Began as a Vampire Skald on Mar 13, 2019.
             Was the Champion of Okawaru.
             Slain by a spriggan rider
             ... wielding a +1 spear of venom
              (8 damage)
             ... on level 2 of the Swamp.
             The game lasted 02:36:37 (31284 turns).

MrRokkomies the Carver (Vampire Skald)             Turns: 31284, Time: 02:36:39

Health: -2/115     AC: 22    Str: 10 (12) XL:     15   Next: 76%
Magic:  21/24      EV: 13    Int: 30      God:    Okawaru [******]
Gold:   845        SH: 11    Dex:  9      Spells: 0/27 levels left

rFire    . . .     SeeInvis +   a - +1 scimitar (flame)
rCold    + . .     Gourm    .   D - +1 shield {AC+3}
rNeg     + . .     Faith    .   T - +4 swamp dragon scales
rPois    +         Spirit   .   K - +2 helmet
rElec    .         Reflect  .   S - +0 cloak "Tout" {rC+ Int+5 Dex-5}
rCorr    .         Harm     .   H - +0 pair of gloves
MR       ++...     Rnd*Rage +   M - +2 pair of boots {run}
Stlth    ..........             x - amulet of magic regeneration
HPRegen  0.29/turn              i - ring of protection from magic
MPRegen  0.44/turn              W - +5 ring of intelligence

@: about to teleport, very slightly contaminated, quick
A: fangs 3, see invisible, berserk 1, deterioration 1, unbreathing
a: Bat Form, Heroism, Finesse, Renounce Religion


You were on level 2 of the Swamp.
You worshipped Okawaru.
Okawaru was exalted by your worship.
You were not thirsty.

You visited 4 branches of the dungeon, and saw 25 of its levels.
You also visited: Ice Cave.

You collected 2705 gold pieces.
You spent 1860 gold pieces at shops.

Inventory:

Hand Weapons
 a - a +1 scimitar of flaming (weapon)
 b - the +0 hunting sling of the Dead {venom, rElec rF+ Stlth+}
   (You acquired it on level 1 of the Swamp)

   It poisons the ammo it fires.
   It protects you from fire.
   It insulates you from electricity.
   It makes you more stealthy.
 l - the +5 great sword "Milaf" {antimagic, +Inv rElec}
   (Okawaru gifted it to you on level 13 of the Dungeon)

   It reduces the magical energy of the wielder, and disrupts the spells and
   magical abilities of those hit.
   Natural abilities and divine invocations are not affected.
   It insulates you from electricity.
   It lets you turn invisible.
 v - a +0 blowgun
Missiles
 j - 783 stones (quivered)
 k - 58 poisoned needles
 m - 158 sling bullets
 E - 3 poisoned tomahawks
 J - 2 throwing nets
 N - 2 curare-tipped needles
Armour
 D - a +1 shield of protection (worn)
 H - a +0 pair of gloves (worn)
 K - a +2 helmet (worn)
 M - a +2 pair of boots of running (worn)
 S - the +0 cloak "Tout" (worn) {rC+ Int+5 Dex-5}
   (Okawaru gifted it to you on level 2 of the Orcish Mines)

   It affects your intelligence (+5).
   It affects your dexterity (-5).
   It protects you from cold.
 T - +4 swamp dragon scales (worn)
Jewellery
 i - a ring of protection from magic (left hand)
 u - an uncursed ring of ice
 x - an amulet of magic regeneration (around neck)
 y - an uncursed ring of stealth
 V - an uncursed ring of fire
 W - a +5 ring of intelligence (right hand)
Wands
 p - a wand of paralysis (31)
 s - a wand of iceblast (5)
 t - a wand of acid (7)
 L - a wand of disintegration (11)
 U - a wand of flame (16)
Scrolls
 d - 3 scrolls of magic mapping
 f - 4 scrolls of enchant armour
 g - 3 scrolls of enchant weapon
 h - 3 scrolls of fear
 n - 6 scrolls of teleportation
 w - 2 scrolls of brand weapon
 A - 11 scrolls of remove curse
 B - a scroll of holy word {unknown}
 C - 2 scrolls of fog
 Q - 2 scrolls of identify
Potions
 c - a potion of blood
 e - 2 potions of curing
 o - 3 potions of haste
 r - 4 potions of flight
 F - a potion of agility
 I - 2 potions of might
 O - a potion of degeneration {unknown}
 P - 3 potions of berserk rage
 Y - 3 potions of brilliance
Miscellaneous
 q - a lightning rod (4/4)
 z - a fan of gales
 R - a lamp of fire (inert)


   Skills:
 - Level 10.0 Fighting
 * Level 14.2 Long Blades
 - Level 0.7 Armour
 - Level 10.0 Dodging
 - Level 9.4 Shields
 - Level 6.5 Spellcasting
 - Level 7.0 Charms
 - Level 10.2 Necromancy
 + Level 1.1 Translocations
 * Level 4.8 Ice Magic
 - Level 8.0 Invocations
 - Level 8.0 Evocations


You couldn't memorise any spells.
You knew the following spells:

 Your Spells              Type           Power        Failure   Level  Hunger
a - Infusion              Chrm           ####         1%          1    None
b - Shroud of Golubria    Chrm/Tloc      ####......   8%          2    None
c - Blink                 Tloc           N/A          26%         2    None
d - Regeneration          Chrm/Necr      ######....   2%          3    None
e - Pain                  Necr           ####         1%          1    None
f - Animate Dead          Necr           N/A          4%          4    ##.....
g - Vampiric Draining     Necr           ######....   1%          3    None
h - Dispel Undead         Necr           ######..     11%         5    #####..
i - Simulacrum            Ice/Necr       ######....   88%         6    ######.

Your spell library contained the following spells:

 Spells                   Type           Power        Failure   Level  Hunger
 Animate Skeleton         Necr           N/A          1%          1    None
 Corpse Rot               Necr           N/A          1%          2    None
 Sublimation of Blood     Necr           ######....   1%          2    None
 Song of Slaying          Chrm           ######..     2%          2    None
 Agony                    Necr           ######..     11%         5    #####..
 Apportation              Tloc           ###...       17%         1    None
 Spectral Weapon          Hex/Chrm       ####....     19%         3    None
 Excruciating Wounds      Chrm/Necr      ######....   22%         5    #####..
 Confusing Touch          Hex            #.....       26%         1    None
 Magic Dart               Conj           #...         26%         1    None
 Sandblast                Erth           #.....       26%         1    None
 Summon Butterflies       Summ           #.......     26%         1    None
 Summon Small Mammal      Summ           #...         26%         1    None
 Call Imp                 Summ           #.......     38%         2    None
 Passwall                 Tmut/Erth      #.......     38%         2    None
 Slow                     Hex            #.......     38%         2    None
 Gell's Gravitas          Tloc           ###.......   45%         3    None
 Lesser Beckoning         Tloc           ###.......   45%         3    None
 Confuse                  Hex            #.......     63%         3    None
 Conjure Flame            Conj/Fire      #.......     63%         3    None
 Mephitic Cloud           Conj/Pois/Air  #.......     63%         3    None
 Spider Form              Tmut/Pois      #.........   63%         3    None
 Stone Arrow              Conj/Erth      #.....       63%         3    None
 Tukima's Dance           Hex            #.......     63%         3    None
 Bolt of Draining         Conj/Necr      #####.....   65%         5    #####..
 Iskenderun's Battlesphe  Conj/Chrm      ####....     87%         5    #####..
 Petrify                  Tmut/Erth      #.......     95%         4    ##.....
 Metabolic Englaciation   Hex/Ice        ###.......   95%         5    #####..
 Alistair's Intoxication  Tmut/Pois      #.......     100%        5    #####..
 Bolt of Magma            Conj/Fire/Erth #.........   100%        5    #####..
 Irradiate                Conj/Tmut      #.........   100%        5    #####..
 Lee's Rapid Deconstruct  Erth           #.........   100%        5    #####..
 Venom Bolt               Conj/Pois      #.........   100%        5    #####..
 Yara's Violent Unravell  Hex/Tmut       #.........   100%        5    #####..
 Hydra Form               Tmut           #.........   100%        6    ######.
 Invisibility             Hex            #.......     100%        6    ######.
 Iron Shot                Conj/Erth      #.........   100%        6    ######.
 Statue Form              Tmut/Erth      #........    100%        6    ######.
 Dragon Form              Tmut           #.........   100%        7    #######
 Orb of Destruction       Conj           #.........   100%        7    #######
 Spellforged Servitor     Conj/Summ      #.........   100%        7    #######


Dungeon Overview and Level Annotations

Branches:
Dungeon (15/15)            Temple (0/1) D:7            Lair (6/6) D:11
  Swamp (2/4) Lair:4       Spider (0/4) Lair:3        Slime (0/5) Lair:6
    Orc (2/2) D:11            Elf (0/3) Orc:2        Vaults (0/5) D:13
 Depths (0/5) D:15

Altars:
Ashenzari
Cheibriados
Elyvilon
Fedhas
Hepliaklqana
Kikubaaqudgha
Makhleb
Nemelex Xobeh
Okawaru
Qazlal
Sif Muna
Trog
Vehumet
Wu Jian
Xom
Yredelemnul
Zin
Beogh
Jiyva

Shops:
Orc:2 [:*(

Annotations:
D:7 2 runed translucent doors, exclusion: orange crystal statue
D:8 1 runed translucent door, Zero's ghost, novice GrBe
Lair:2 3 runed translucent doors, xoxolimbo's ghost, journeyman GnEE


Innate Abilities, Weirdness & Mutations

You have razor-sharp teeth.
You have supernaturally acute eyesight. (SInv)
You can survive without breathing.
You tend to lose your temper in combat.
Your body sometimes deteriorates upon taking damage.


Message History

You block the five-headed hydra's attack.
The five-headed hydra bites you!
* * * LOW HITPOINT WARNING * * *
You block the spriggan rider's attack.
The spriggan rider hits you from afar with a cursed +0 spear!
* * * LOW HITPOINT WARNING * * *
Your body deteriorates!
You feel weakened.
Casting: Shroud of Golubria (safe; 8% risk of failure)
Confirm with . or Enter, or press ? or * to list all spells.
You miscast Blink.
You are very lightly contaminated with residual magic.
Nothing appears to happen.
The swamp worm bites you!
* * * LOW HITPOINT WARNING * * *
The five-headed hydra bites you but does no damage.
You block the five-headed hydra's attack.
The five-headed hydra barely misses you.
You block the five-headed hydra's attack.
The five-headed hydra bites you but does no damage.
The spriggan rider hits you from afar with a +1 spear of venom!
You die... 77777

77≈7 7.77 7..≈777§≈7
77777<.7 77...77.≈7
77..77≈.7 77..7...7
7≈≈.7≈≈≈7
77.7...777777≈≈≈≈.≈77
7.≈≈.....77...≈.≈.7
77.≈≈.≈≈≈≈≈..7...≈≈7
77..≈≈≈≈≈≈§≈≈≈≈.7≈.≈.7
7≈÷≈≈≈@7≈≈7≈≈≈≈.7≈.≈..7
77..7≈≈wD§≈..≈7.77....77
7..≈≈..ii§..77777.....7
7..≈≈≈≈≈≈≈§≈77 7...≈..
7..≈≈≈≈≈≈.≈§§7 ≈≈..
...≈≈§≈≈≈≈≈≈§§7
≈≈.≈≈≈≈≈≈.7§(.§7
7≈..§≈≈.≈.7...§7
≈≈≈.≈≈≈.......(.7


You could see a five-headed hydra, 2 spriggan riders and a swamp worm.

Vanquished Creatures
  Kirke (D:13)
  An orc warlord (Orc:1)
  Nessos (D:13)
  Josephine (D:10)
  An ogre mage (D:15)
  2 catoblepae
  3 ice dragons (D:15)
  3 vault guards (D:13)
  4 hydras
  A shambling mangrove (Swamp:2)
  Erica (D:11)
  A centaur warrior (D:14)
  6 two-headed ogres
  5 alligators
  5 death yaks (Lair:6)
  3 orc high priests (Orc:2)
  A fire crab (Lair:6)
  2 unseen horrors
  A deep elf archer (D:13)
  A wizard (D:14)
  A swamp dragon (Swamp:1)
  Pikel (D:4)
  2 wolf spiders
  7 orc knights
  2 oklob plants
  A manticore (D:12)
  6 orc sorcerers
  12 ugly things
  A cyclops (D:11)
  11 elephants
  2 black mambas
  2 gargoyles (D:13)
  3 ice statues (IceCv)
  2 spiny frogs
  A torpor snail (Lair:6)
  2 kobold demonologists (D:12)
  A freezing wraith (D:15)
  5 komodo dragons
  4 trolls
  A hornet (Swamp:1)
  8 polar bears (Lair:6)
  18 blink frogs
  2 dream sheep (D:8)
  12 slime creatures
  8 hippogriffs
  A shadow (Swamp:1)
  A spriggan (Swamp:1)
  A fire bat (shapeshifter) (D:14)
  13 yaks
  2 wyverns
  4 hogs (D:12)
  5 wraiths (D:10)
  A hungry ghost (D:8)
  2 steam dragons
  11 vampire mosquitoes
  6 basilisks
  3 swamp worms (Swamp:1)
  A swamp worm (shapeshifter) (D:13)
  9 wargs
  8 water moccasins
  13 hell hounds (Lair:6)
  A soldier ant (D:12)
  3 porcupines
  2 acid dragons
  2 swamp drakes (Swamp:1)
  11 black bears
  3 sky beasts
  37 orc warriors
  10 ice beasts
  2 phantoms
  An eye of draining (D:12)
  A necrophage (D:8)
  A tengu (shapeshifter) (D:14)
  12 ogres
  6 centaurs
  8 wolves (Lair:6)
  4 crocodiles
  7 big kobolds
  14 bullfrogs
  A wyvern zombie (D:12)
  A gnoll sergeant (D:9)
  2 scorpions
  8 killer bees
  14 wights
  2 vampire bats (Lair:2)
  An electric eel (Lair:4)
  2 howler monkeys
  6 crimson imps
  4 centaur zombies
  5 hounds
  2 bullfrog skeletons
  7 jellies
  15 orc priests
  8 centaur skeletons
  22 orc wizards
  Jessica (D:13)
  2 iguanas
  4 worker ants
  2 hound zombies
  A hound skeleton (D:6)
  7 adders
  5 gnolls (D:9)
  2 shadow imps
  10 white imps (D:13)
  An ooze (D:3)
  3 worms
  3 dart slugs
  5 leopard geckos
  72 orcs
  A bat zombie (D:2)
  5 giant cockroaches
  6 goblins
  7 hobgoblins
  12 jackals
  4 quokkas
  3 ball pythons
  12 bats
  3 frilled lizards (D:1)
  A giant cockroach zombie (D:6)
  11 kobolds
  7 rats
  A plant (D:11)
656 creatures vanquished.

Vanquished Creatures (collateral kills)
  Jorgrun (D:13)
  Gastronok (D:8)
  Snorg (Lair:5)
  2 vault guards (D:13)
  Fannar (D:10)
  2 hydras
  4 death yaks (Lair:6)
  An orc high priest (Orc:2)
  A wizard (D:13)
  A manticore (D:13)
  A black mamba (Lair:4)
  2 spiny frogs
  A yaktaur (D:13)
  A rime drake (Lair:3)
  2 polar bears (Lair:6)
  A troll (D:13)
  A raiju (Lair:6)
  2 blink frogs
  3 bog bodies
  4 slime creatures
  A shadow (D:12)
  4 yaks (Lair:6)
  2 wyverns
  2 wargs (Lair:6)
  3 hell hounds (Lair:6)
  A swamp worm (Lair:4)
  An acid dragon (D:12)
  A porcupine (Lair:2)
  2 orc warriors
  2 black bears (Lair:6)
  4 ogres
  5 wolves (Lair:6)
  3 crocodiles
  2 killer bees (D:12)
  A vampire bat (Lair:2)
  A bullfrog zombie (D:8)
  3 orc priests
  A hound (D:10)
  3 orc wizards (Orc:2)
  A white imp (D:13)
  10 orcs
  A bat (Lair:2)
  A quokka (D:12)
  A fungus (Lair:6)
89 creatures vanquished.

Vanquished Creatures (others)
  An orc warlord (Orc:1)
  A human (D:13)
  An orc warrior (Orc:1)
  A phantom (D:4)
  A white imp (D:13)
  A leopard gecko (D:1)
  An orc (D:4)
  4 kobolds
  11 fungi
  20 plants
42 creatures vanquished.

Grand Total: 787 creatures vanquished

Notes
Turn   | Place    | Note
-------+----------+-------------------------------------------
     0 | D:1      | MrRokkomies the Vampire Skald began the quest for the Orb.
     0 | D:1      | Reached XP level 1. HP: 16/16 MP: 3/3
   115 | D:1      | Reached XP level 2. HP: 20/22 MP: 5/5
   119 | D:1      | Learned a level 2 spell: Shroud of Golubria
  1231 | D:2      | Found an iron altar of Okawaru.
  1246 | D:2      | Became a worshipper of Warmaster Okawaru
  1254 | D:2      | Reached XP level 3. HP: 20/27 MP: 2/6
  1261 | D:2      | Reached skill level 3 in Long Blades
  1333 | D:2      | Learned a level 2 spell: Song of Slaying
  1781 | D:2      | Found an ancient bone altar of Kikubaaqudgha.
  1966 | D:2      | Found a glowing silver altar of Zin.
  2223 | D:3      | Reached XP level 4. HP: 31/33 MP: 3/7
  2324 | D:3      | Found a radiant altar of Vehumet.
  2387 | D:3      | Reached skill level 4 in Long Blades
  2387 | D:3      | Reached skill level 5 in Charms
  2387 | D:3      | Reached XP level 5. HP: 32/38 MP: 0/8
  3228 | D:4      | Noticed a phantom
  3318 | D:4      | Noticed Pikel
  3319 | D:4      | Noticed a slave
  3319 | D:4      | Noticed a slave
  3319 | D:4      | Noticed a slave
  3328 | D:4      | Noticed a slave
  3336 | D:4      | Killed Pikel
  3336 | D:4      | Reached * piety under Okawaru
  3336 | D:4      | Reached ** piety under Okawaru
  3336 | D:4      | Reached skill level 5 in Long Blades
  3336 | D:4      | Reached XP level 6. HP: 16/48 MP: 1/9
  3336 | D:4      | Reached XP level 7. HP: 18/54 MP: 1/10
  3388 | D:4      | Reached skill level 6 in Long Blades
  3677 | D:4      | Found a snail-covered altar of Cheibriados.
  4125 | D:5      | Entered Level 5 of the Dungeon
  5160 | D:5      | Reached skill level 5 in Fighting
  5188 | D:5      | You fall through a shaft for 3 floors!
  5244 | D:7      | Learned a level 3 spell: Regeneration
  5246 | D:7      | Learned a level 1 spell: Pain
  6290 | D:5      | Reached XP level 8. HP: 62/62 MP: 11/11
  6465 | D:5      | Found a blossoming altar of Fedhas.
  6476 | D:5      | Found a stormy altar of Qazlal.
  6645 | D:6      | Reached *** piety under Okawaru
  6645 | D:6      | Reached skill level 7 in Long Blades
  7083 | D:6      | Found an ornate altar of the Wu Jian Council.
  7133 | D:6      | Reached skill level 5 in Dodging
  7262 | D:6      | Reached skill level 8 in Long Blades
  7932 | D:7      | Found a runed translucent door.
  8078 | D:7      | Reached XP level 9. HP: 49/68 MP: 10/12
  8445 | D:7      | Found a basalt altar of Yredelemnul.
  8585 | D:7      | Reached skill level 9 in Long Blades
  8627 | D:7      | Found a staircase to the Ecumenical Temple.
  8676 | D:7      | Noticed an orange crystal statue
  8681 | D:7      | Found the +10 large shield of Ignorance {rN+ Int-4}
  8697 | D:7      | Found a runed translucent door.
  8766 | D:8      | Reached **** piety under Okawaru
  8766 | D:8      | Reached skill level 1 in Necromancy
  8937 | D:8      | Noticed a three-headed hydra
  8944 | D:8      | Killed a one-headed hydra
  8944 | D:8      | Reached ***** piety under Okawaru
  8944 | D:8      | Reached skill level 10 in Long Blades
  8944 | D:8      | Reached skill level 5 in Necromancy
  8944 | D:8      | Reached XP level 10. HP: 18/74 MP: 4/13
  9316 | D:8      | Learned a level 4 spell: Animate Dead
  9363 | D:8      | Found a runed translucent door.
  9363 | D:8      | Found a shimmering altar of Xom.
  9363 | D:8      | Noticed Zero's ghost (novice GrBe)
  9363 | D:8      | Noticed a +0 rapier of chaos
  9446 | D:8      | Noticed Gastronok
  9521 | D:8      | Killed Gastronok
  9521 | D:8      | Received a gift from Okawaru
  9521 | D:8      | Reached skill level 11 in Long Blades
  9806 | D:8      | Reached skill level 1 in Shields
 10097 | D:8      | Found a burning altar of Makhleb.
 10401 | D:9      | Found a sparkling altar of Nemelex Xobeh.
 10515 | D:9      | Found a hazy altar of Hepliaklqana.
 10714 | D:9      | Found a shattered altar of Ashenzari.
 10867 | D:9      | Found a white marble altar of Elyvilon.
 11076 | D:10     | Entered Level 10 of the Dungeon
 11076 | D:10     | Noticed Josephine
 11105 | D:10     | Noticed an unseen horror
 11118 | D:10     | Killed an unseen horror
 11118 | D:10     | Reached skill level 5 in Shields
 11118 | D:10     | Reached XP level 11. HP: 69/80 MP: 12/14
 11148 | D:10     | Killed Josephine
 11279 | D:10     | Noticed a two-headed ogre
 11290 | D:10     | Killed a two-headed ogre
 11290 | D:10     | Reached ****** piety under Okawaru
 11290 | D:10     | Received a gift from Okawaru
 11359 | D:10     | Noticed Fannar
 11368 | D:10     | Killed Fannar
 11858 | D:11     | Noticed Erica
 11858 | D:11     | Noticed a brown ugly thing
 11869 | D:11     | Killed Erica
 11878 | D:11     | Killed a brown ugly thing
 11991 | D:11     | Found a staircase to the Lair.
 11993 | D:11     | Noticed an oklob plant
 12191 | D:11     | Noticed a two-headed ogre
 12201 | D:11     | Killed a two-headed ogre
 12259 | D:11     | Identified the +2 flail "Ogaluitist" {vamp, Stlth+}
 12266 | D:11     | Noticed a red ugly thing
 12899 | D:11     | Identified a +2 pair of boots of running (You found it on
                  | level 11 of the Dungeon)
 12987 | D:11     | HP: 1/80 [steam dragon/ball of steam (9)]
 13422 | D:11     | Found a staircase to the Orcish Mines.
 13518 | D:11     | Killed a red ugly thing
 13518 | D:11     | Reached skill level 1 in Invocations
 13711 | D:11     | Killed an oklob plant
 13723 | Lair:1   | Entered Level 1 of the Lair of Beasts
 14741 | Lair:2   | Reached XP level 12. HP: 81/86 MP: 5/15
 14823 | Lair:2   | Noticed a minotaur
 14829 | Lair:2   | Noticed xoxolimbo's ghost (journeyman GnEE)
 14844 | Lair:2   | Found a runed translucent gate.
 14844 | Lair:2   | Found a runed translucent gate.
 14844 | Lair:2   | Found a runed translucent gate.
 15467 | Lair:3   | HP: 2/86 [blink frog (13)]
 15923 | Lair:2   | Received a gift from Okawaru
 16096 | Lair:3   | Reached skill level 5 in Invocations
 16294 | Lair:3   | Found a hole to the Spider Nest.
 16315 | Lair:3   | Found a blossoming altar of Fedhas.
 17026 | Lair:4   | Reached skill level 5 in Spellcasting
 17029 | Lair:4   | Found a staircase to the Swamp.
 17525 | Lair:4   | Noticed a death yak
 17531 | Lair:4   | Noticed a death yak
 17532 | Lair:4   | Noticed a death yak
 17545 | Lair:4   | Noticed a death yak
 17546 | Lair:4   | Noticed a death yak
 17696 | Lair:5   | Noticed Snorg
 17706 | Lair:5   | Killed Snorg
 17869 | Lair:5   | Noticed a six-headed hydra
 17880 | Lair:5   | Killed a two-headed hydra
 17906 | Lair:5   | Found a bloodstained altar of Trog.
 18340 | Lair:6   | Entered Level 6 of the Lair of Beasts
 18369 | Lair:6   | Reached skill level 1 in Evocations
 18407 | Lair:6   | Received a gift from Okawaru
 18420 | Lair:6   | Reached XP level 13. HP: 74/96 MP: 11/20
 19434 | Lair:6   | Received a gift from Okawaru
 19477 | Lair:6   | Got a heavily runed hat {god gift}
 19478 | Lair:6   | Identified the +0 hat "Telemnut" {+Blink rC++ rCorr Str-4}
                  | (Okawaru gifted it to you on level 6 of the Lair of Beasts)
 19490 | Lair:6   | Reached skill level 5 in Evocations
 19853 | Lair:6   | Found a staircase to the Slime Pits.
 19853 | Lair:6   | Found a viscous altar of Jiyva.
 20980 | Orc:1    | Entered Level 1 of the Orcish Mines
 21384 | Orc:1    | Reached skill level 10 in Fighting
 21384 | Orc:1    | Reached XP level 14. HP: 109/110 MP: 17/21
 21455 | Orc:2    | Entered Level 2 of the Orcish Mines
 21495 | Orc:2    | Received a gift from Okawaru
 21497 | Orc:2    | Got a polished cloak {god gift}
 21508 | Orc:2    | Identified the +0 cloak "Tout" {rC+ Int+5 Dex-5} (Okawaru
                  | gifted it to you on level 2 of the Orcish Mines)
 21575 | Orc:2    | Found a staircase to the Elven Halls.
 22078 | Orc:1    | Learned a level 3 spell: Vampiric Draining
 22347 | Orc:2    | Noticed an orc warlord
 22663 | Orc:1    | Noticed an orc warlord
 23049 | Orc:1    | Killed an orc warlord
 23100 | Orc:2    | Found a roughly hewn altar of Beogh.
 23116 | Orc:2    | Gained mutation: You tend to lose your temper in combat. [a
                  | neqoxec]
 23325 | Orc:2    | Found Zoopimub's General Store.
 23365 | Orc:2    | Found Deot's Antique Armour Emporium.
 23633 | Orc:2    | Found Jaotuell's Book Emporium.
 23661 | Orc:2    | Found Okhlydeg's Antique Weapon Emporium.
 23684 | Orc:2    | Bought the Volume of Doomed Poison for 1110 gold pieces
 23684 | Orc:2    | Bought a book of Party Tricks for 750 gold pieces
 23690 | Orc:2    | Learned a level 5 spell: Dispel Undead
 24130 | D:12     | Gained mutation: Your body sometimes deteriorates upon
                  | taking damage. [a neqoxec]
 24563 | D:13     | Noticed Jorgrun
 24932 | D:13     | Noticed Kirke
 24940 | D:13     | Killed Kirke
 24940 | D:13     | Reached skill level 10 in Dodging
 25006 | D:13     | Found a frozen archway.
 25029 | IceCv    | Entered an ice cave
 25038 | IceCv    | Reached skill level 12 in Long Blades
 25470 | IceCv    | Received a gift from Okawaru
 26148 | D:13     | Killed Jorgrun
 26613 | D:13     | Noticed Nessos
 26635 | D:13     | Killed Nessos
 27201 | D:13     | Reached XP level 15. HP: 49/115 MP: 18/22
 27212 | D:13     | Found a gate to the Vaults.
 27267 | D:13     | Reached skill level 10 in Necromancy
 27320 | D:13     | Received a gift from Okawaru
 27321 | D:13     | Got a smoking great sword {god gift}
 27322 | D:13     | Identified the +5 great sword "Milaf" {antimagic, +Inv
                  | rElec} (Okawaru gifted it to you on level 13 of the
                  | Dungeon)
 27607 | D:13     | Noticed Jessica
 27616 | D:13     | Killed Jessica
 27624 | D:13     | Found a deep blue altar of Sif Muna.
 27804 | D:14     | Got a dazzling rapier
 27805 | D:14     | Identified the cursed +0 rapier "Dragon's Tongue" {freeze,
                  | rElec rF- rN+ Str+3} (You found it on level 14 of the
                  | Dungeon)
 28040 | D:14     | Found a hazy altar of Hepliaklqana.
 28201 | D:14     | Reached skill level 13 in Long Blades
 28542 | D:15     | Entered Level 15 of the Dungeon
 28949 | D:15     | Identified a scroll of acquirement
 28950 | D:15     | Got a bloodstained buckler
 28961 | D:15     | Identified the +0 buckler of Grace {rPois rN+ Dex+4 Stlth-}
                  | (You acquired it on level 15 of the Dungeon)
 29036 | D:15     | Received a gift from Okawaru
 29118 | D:15     | Learned a level 6 spell: Simulacrum
 29224 | D:15     | Reached skill level 1 in Ice Magic
 29420 | D:15     | Found a staircase to the Depths.
 30047 | Swamp:1  | Entered Level 1 of the Swamp
 30058 | Swamp:1  | Received a gift from Okawaru
 30317 | Swamp:1  | Got a slimy hunting sling
 30318 | Swamp:1  | Identified the +0 hunting sling of the Dead {venom, rElec
                  | rF+ Stlth+} (You acquired it on level 1 of the Swamp)
 30378 | Swamp:1  | Reached skill level 14 in Long Blades
 30558 | Swamp:1  | Learned a level 2 spell: Blink
 31254 | Swamp:2  | Reached skill level 1 in Translocations
 31284 | Swamp:2  | Slain by a spriggan rider

Levels and vault maps discovered:
D:1:      sevenhm_arrival_forest_fort_large_4, layout_loops_ring,
          lemuel_flame_loot_1
D:2:      layout_basic, lemuel_zombie_altar_kikubaaqudgha, lemuel_crystal_altar,
          zin_statuary
D:3:      layout_basic, lemuel_doored_altar, minmay_starry_boxes
D:4:      layout_gridville, first_ration, kennysheep_slug_shrine, uniq_pikel
D:5:      layout_loops_ring, grunt_temple_overflow_forces_of_nature
D:6:      layout_loops_ring, overflow_temple_1_default
D:7:      layout_loops_cross, lemuel_round_altar,
          minmay_temple_entry_enclosed_plants, chequers_arboretum,
          chequers_guarded_unrand_ignorance
D:8:      layout_rooms, lemuel_crystal_altar, ebering_ghost_xom, hangedman_ranch
          [blue_anna_fruit_fields], uniq_gastronok
D:9:      cheibrodos_elevator_heist, layout_irregular_city,
          lemuel_crystal_altar, grunt_temple_overflow_open,
          hangedman_decor_diamond_cutter
D:10:     layout_basic, uniq_josephine, uniq_fannar
D:11:     layout_loops_ring, dpeg_oklobed_lair, orc_0_dummy,
          nicolae_twisting_strands, uniq_erica
D:12:     layout_cave_pools
D:13:     layout_layer_cave, grunt_vaults_entry_fortified,
          portal_ice_cave_entry_imps, tgw_sif, uniq_kirke, uniq_nessos,
          uniq_jorgrun
D:14:     layout_irregular_city, chequers_serial_rivers_large_a, serial_shops,
          shop, lemuel_oklob_altar
D:15:     grunt_enter_depths_hoard, layout_small_grid, grunt_decor_arrowhead
Lair:1:   layout_cave_pods, serial_bayou_shore_a
Lair:2:   layout_hall_layers, maelrawn_ghost_gauntlet_escape, roderic_batcave
Lair:3:   layout_roguey, dummy_spider_entry, basic_altar, serial_bayou_shore_b,
          grunt_megastairs_5, lemuel_fruit_fields
Lair:4:   layout_concentric_octagons, nicolae_swamp_entry_splash_gauntlet
Lair:5:   layout_regular_city, basic_altar, uniq_snorg
Lair:6:   hangedman_lair_caniforms_friends, layout_regular_city, slime_altar_1,
          infiniplex_staircase_pool
Swamp:1:  layout_falls_marsh, evilmike_swamp_ruin_house_1,
          infiniplex_staircase_pool_2
Swamp:2:  layout_falls_marsh, evilmike_swamp_ruin_rubble_2
Orc:1:    layout_caves
Orc:2:    grunt_orc_cross, layout_diamond_mine
IceCv:    ice_cave_statue_garden_chambered

Skill      XL: |  1  2  3  4  5  6  7  8  9 10 11 12 13 14 15 |
---------------+----------------------------------------------+-----
Charms         | 4 5 6 7 |  7.0
Long Blades    | 3 4 5 6 8 10 11 12 14 | 14.2
Fighting       | 4 5 7 10 | 10.0
Dodging        | 3 6 7 10 | 10.0
Necromancy     | 5 7 9 10 | 10.2
Shields        | 5 9 |  9.4
Invocations    | 3 7 8 |  8.0
Spellcasting   | 5 6 |  6.5
Evocations     | 1 6 8 |  8.0
Ice Magic      | 4 |  4.8
Translocations | 1 |  1.1
Armour         | |  0.7

Action                   |  1- 3 |  4- 6 |  7- 9 | 10-12 | 13-15 || total
-------------------------+-------+-------+-------+-------+-------++-------
Melee: Falchion          |    72 |       |     3 |       |       ||    75
       Bite              |     9 |    12 |    52 |    80 |   188 ||   341
       Long sword        |    37 |   105 |   351 |   456 |    63 ||  1012
       Dagger            |       |       |    16 |       |       ||    16
       Scimitar          |       |       |       |   274 |  1796 ||  2070
 Fire: Blowgun           |       |       |       |       |    48 ||    48
       Hunting sling     |       |       |       |       |     9 ||     9
Throw: Stone             |       |       |     8 |     7 |    38 ||    53
 Cast: Infusion          |     8 |     6 |    27 |    51 |    74 ||   166
       Shroud of Golubri |     2 |     4 |    21 |    35 |    64 ||   126
       Regeneration      |       |       |     2 |    15 |   105 ||   122
       Song of Slaying   |       |       |     3 |       |     2 ||     5
       Animate Dead      |       |       |       |    15 |    77 ||    92
       Pain              |       |       |       |    15 |    39 ||    54
       Vampiric Draining |       |       |       |       |     7 ||     7
       Dispel Undead     |       |       |       |       |    13 ||    13
Invok: Heroism           |       |       |       |     3 |     8 ||    11
       Finesse           |       |       |       |     1 |     5 ||     6
Evoke: Wand              |       |       |     3 |    14 |    55 ||    72
       Sack of spiders   |       |       |       |       |     5 ||     5
       Fan of gales      |       |       |       |       |     1 ||     1
       Lamp of fire      |       |       |       |       |     1 ||     1
  Use: Scroll            |     6 |       |     9 |    11 |    18 ||    44
       Potion            |     3 |     3 |     9 |    13 |    19 ||    47
 Stab: Sleeping          |     3 |     1 |     6 |    10 |     2 ||    22
       Distracted        |       |       |     1 |       |     9 ||    10
       Paralysed         |       |       |       |    12 |    34 ||    46
       Invisible         |       |       |       |     1 |       ||     1
       Confused          |       |       |       |       |     3 ||     3
  Eat: Corpse            |     1 |     2 |    10 |    15 |    28 ||    56
Armor: Leather armour    |    32 |    25 |   100 |   167 |   197 ||   521
       Ring mail         |       |       |       |       |   290 ||   290
       Swamp dragon scal |       |       |       |       |    25 ||    25
Dodge: Dodged            |    85 |    69 |   248 |   307 |   706 ||  1415
Block: Shield            |       |       |       |   343 |   873 ||  1216
       Rpst.: Falchion   |    15 |       |       |       |       ||    15
       Long sword        |    11 |    21 |    52 |    55 |    12 ||   151
       Scimitar          |       |       |       |    34 |   194 ||   228

Table legend:
 A = Non-vault XP
 B = Vault XP
 C = Vault XP percentage of total XP
 D = Non-vault monster count
 E = Vault monster count
 F = Vault count percentage of total count
                 A         B        C        D         E       F
            +---------+---------+-------+---------+---------+-------
      Total |   92760 |   48653 |  34.4 |     553 |     191 |  25.7
            +---------+---------+-------+---------+---------+-------
        D:1 |      32 |       0 |   0.0 |      22 |       0 |   0.0
        D:2 |      50 |       2 |   3.8 |      16 |       1 |   5.9
        D:3 |     113 |      19 |  14.4 |      17 |       6 |  26.1
        D:4 |     157 |     645 |  80.4 |      11 |       2 |  15.4
        D:5 |     345 |       0 |   0.0 |      12 |       0 |   0.0
        D:6 |     921 |       0 |   0.0 |      20 |       0 |   0.0
        D:7 |    1034 |       0 |   0.0 |      26 |       0 |   0.0
        D:8 |    1622 |    3777 |  70.0 |      24 |       9 |  27.3
        D:9 |    1618 |       0 |   0.0 |      21 |       0 |   0.0
       D:10 |    2505 |    2995 |  54.5 |      11 |       7 |  38.9
       D:11 |    5026 |    1504 |  23.0 |      31 |       2 |   6.1
       D:12 |    6188 |     779 |  11.2 |      42 |       4 |   8.7
       D:13 |    2832 |   12143 |  81.1 |      18 |      26 |  59.1
       D:14 |    7308 |     602 |   7.6 |      31 |       1 |   3.1
       D:15 |   13482 |    1754 |  11.5 |      37 |       2 |   5.1
     Lair:1 |     915 |       0 |   0.0 |       6 |       0 |   0.0
     Lair:2 |    2083 |     952 |  31.4 |       9 |      13 |  59.1
     Lair:3 |    1734 |    2059 |  54.3 |       7 |       8 |  53.3
     Lair:4 |    2747 |     261 |   8.7 |      10 |       3 |  23.1
     Lair:5 |    4146 |    1050 |  20.2 |      11 |       1 |   8.3
     Lair:6 |   17098 |    8795 |  34.0 |      50 |      56 |  52.8
    Swamp:1 |   10146 |       0 |   0.0 |      31 |       0 |   0.0
    Swamp:2 |    2761 |       0 |   0.0 |       3 |       0 |   0.0
      Orc:1 |    3119 |    2378 |  43.3 |      32 |       3 |   8.6
      Orc:2 |    4778 |    5856 |  55.1 |      55 |      36 |  39.6
      IceCv |       0 |    3082 | 100.0 |       0 |      11 | 100.0
            +---------+---------+-------+---------+---------+-------
